 Dungeon Crawl Stone Soup version 0.25-a0-277-g7046ed1b37 (webtiles) character file.

Game seed: 16905414248229619295, levelgen mode: deterministic

154821 floatRand the Demonic Catastrophe (level 17, -5/129 HPs)
             Began as a Demonspawn Gladiator on Dec 9, 2019.
             Was an Elder of Qazlal.
             Slain by a snapping turtle (15 damage)
             ... on level 3 of the Shoals on Dec 10, 2019.
             The game lasted 00:51:18 (25169 turns).

floatRand the Demonic Catastrophe (DsGl)           Turns: 25169, Time: 00:51:19

Health: -5/129     AC: 19    Str: 21    XL:     17   Next: 7%
Magic:  18/29      EV: 25    Int: 10    God:    Qazlal [****..]
Gold:   1480       SH: 12    Dex: 22    Spells: 16/16 levels left

rFire    + + .     SeeInvis +   F - +5 whip (elec)
rCold    + + +     Gourm    .   A - +0 buckler of Mumpuz {rPois rC+ Str+4}
rNeg     . . .     Faith    .   l - +6 scale mail of Poor Excuses {rPois rCorr Stlth+}
rPois    +         Spirit   .   q - +2 helmet {SInv}
rElec    .         Reflect  .   G - scarf {rC+ rF+}
rCorr    +         Harm     .   j - +2 pair of gloves {Dex+3}
MR       ++...                  (boots unavailable)
Stlth    ++........             T - amulet of regeneration
HPRegen  0.71/turn              g - ring of protection from cold
MPRegen  0.21/turn              b - ring of protection from magic

@: repel missiles
A: talons 3, repulsion field 3, demonic guardian 2, fire resistance 1, rot
immunity
a: Upheaval, Elemental Force, Renounce Religion


You were on level 3 of the Shoals.
You worshipped Qazlal.
Qazlal was greatly pleased with you.
You were not hungry.

You visited 5 branches of the dungeon, and saw 27 of its levels.
You also visited: Gauntlet and Ice Cave.

You collected 2506 gold pieces.
You spent 1026 gold pieces at shops.

Inventory:

Hand Weapons
 z - a +2 flail of crushing
 F - a +5 whip of electrocution (weapon)
Missiles
 d - 7 throwing nets (quivered)
Armour
 j - a +2 pair of gloves of dexterity (worn)
 l - the +6 scale mail of Poor Excuses (worn) {rPois rCorr Stlth+}
   (You bought it in a shop on level 2 of the Orcish Mines)

   It protects you from poison.
   It provides partial protection from all sources of acid and corrosion.
   It makes you more stealthy.
 q - a +2 helmet of see invisible (worn)
 A - the +0 buckler of Mumpuz (worn) {rPois rC+ Str+4}
   (You found it on level 4 of the Dungeon)

   It affects your strength (+4).
   It protects you from cold.
   It protects you from poison.
 G - a scarf of resistance (worn)
Jewellery
 b - a ring of protection from magic (right hand)
 g - a ring of protection from cold (left hand)
 n - an uncursed ring of resist corrosion {unknown}
 o - an uncursed ring of protection from magic
 T - an amulet of regeneration (around neck)
Wands
 c - a wand of enslavement (23)
 m - a wand of paralysis (6)
 B - a wand of iceblast (51)
 I - a wand of disintegration (12)
 L - a wand of random effects (20)
 M - a wand of digging (7)
 Q - a wand of acid (44)
 X - a wand of scattershot (2)
 Z - a wand of flame (54)
Scrolls
 a - 3 scrolls of enchant armour
 e - 7 scrolls of magic mapping
 p - 2 scrolls of identify
 t - 10 scrolls of teleportation
 x - 6 scrolls of fog
 y - 20 scrolls of remove curse
 N - 3 scrolls of amnesia
 W - 3 scrolls of blinking
Potions
 h - 6 potions of heal wounds
 k - a potion of agility
 r - 4 potions of mutation
 u - 3 potions of haste
 v - 2 potions of brilliance
 w - 4 potions of might
 C - 8 potions of curing
 E - 5 potions of resistance
 H - 5 potions of magic
 K - 4 potions of flight
 O - 4 potions of cancellation
 P - 2 potions of invisibility
 S - 2 potions of berserk rage
 U - a potion of ambrosia
Miscellaneous
 s - 2 phantom mirrors
Comestibles
 f - 33 rations


   Skills:
 + Level 10.7 Fighting
   Level 4.8(10.0) Axes
 + Level 13.2(13.5) Maces & Flails
 - Level 1.7 Throwing
 + Level 5.4 Armour
 - Level 13.2 Dodging
 - Level 4.9 Stealth
 - Level 9.0 Shields
 * Level 17.3 Invocations


You had 16 spell levels left.
You didn't know any spells.
Your spell library contained the following spells:

 Spells                   Type           Power        Failure   Level  Hunger
 Animate Skeleton         Necr           N/A          67%         1    ##.....
 Apportation              Tloc           #.....       67%         1    ##.....
 Confusing Touch          Hex            #.....       67%         1    ##.....
 Corona                   Hex            #......      67%         1    ##.....
 Foxfire                  Conj/Fire      #...         67%         1    ##.....
 Infusion                 Chrm           #...         67%         1    ##.....
 Magic Dart               Conj           #...         67%         1    ##.....
 Sting                    Tmut/Pois      #...         67%         1    ##.....
 Summon Butterflies       Summ           #.......     67%         1    ##.....
 Blink                    Tloc           N/A          82%         2    ###....
 Call Imp                 Summ           #.......     82%         2    ###....
 Ensorcelled Hibernation  Hex/Ice        #.....       82%         2    ###....
 Shroud of Golubria       Chrm/Tloc      #.....       82%         2    ###....
 Slow                     Hex            #.......     82%         2    ###....
 Song of Slaying          Chrm           #.......     82%         2    ###....
 Call Canine Familiar     Summ           #.......     96%         3    ####...
 Confuse                  Hex            #.......     96%         3    ####...
 Conjure Flame            Conj/Fire      #.......     96%         3    ####...
 Dazzling Flash           Conj/Hex       #.....       96%         3    ####...
 Gell's Gravitas          Tloc           #.........   96%         3    ####...
 Ignite Poison            Fire/Tmut/Pois #.......     96%         3    ####...
 Inner Flame              Hex/Fire       #.......     96%         3    ####...
 Lesser Beckoning         Tloc           #.........   96%         3    ####...
 Mephitic Cloud           Conj/Pois/Air  #.......     96%         3    ####...
 Portal Projectile        Hex/Tloc       #.....       96%         3    ####...
 Regeneration             Chrm/Necr      #.........   96%         3    ####...
 Spectral Weapon          Hex/Chrm       #.......     96%         3    ####...
 Teleport Other           Tloc           #.......     96%         3    ####...
 Tukima's Dance           Hex            #.......     96%         3    ####...
 Vampiric Draining        Necr           #.........   96%         3    ####...
 Cause Fear               Hex            #.........   100%        4    #####..
 Fulminant Prism          Conj/Hex       #.........   100%        4    #####..
 Ice Form                 Ice/Tmut       #.......     100%        4    #####..
 Leda's Liquefaction      Hex/Erth       #.........   100%        4    #####..
 Passage of Golubria      Tloc           N/A          100%        4    #####..
 Petrify                  Tmut/Erth      #.......     100%        4    #####..
 Sticky Flame             Conj/Fire      #.......     100%        4    #####..
 Summon Ice Beast         Ice/Summ       #.......     100%        4    #####..
 Alistair's Intoxication  Tmut/Pois      #.......     100%        5    ######.
 Bolt of Magma            Conj/Fire/Erth #.........   100%        5    ######.
 Dispel Undead            Necr           #.......     100%        5    ######.
 Fireball                 Conj/Fire      #.........   100%        5    ######.
 Iskenderun's Battlesphe  Conj/Chrm      #.......     100%        5    ######.
 Metabolic Englaciation   Hex/Ice        #.........   100%        5    ######.
 Silence                  Hex/Air        #.........   100%        5    ######.
 Summon Mana Viper        Hex/Summ       #.......     100%        5    ######.
 Yara's Violent Unravell  Hex/Tmut       #.........   100%        5    ######.
 Deflect Missiles         Chrm/Air       #.........   100%        6    #######
 Freezing Cloud           Conj/Ice/Air   #.........   100%        6    #######
 Invisibility             Hex            #.......     100%        6    #######
 Iron Shot                Conj/Erth      #.........   100%        6    #######
 Ozocubu's Refrigeration  Ice            #.........   100%        6    #######
 Simulacrum               Ice/Necr       #.........   100%        6    #######
 Orb of Destruction       Conj           #.........   100%        7    #######
 Ring of Flames           Chrm/Fire      #.........   100%        7    #######
 Spellforged Servitor     Conj/Summ      #.........   100%        7    #######
 Summon Hydra             Summ           #.........   100%        7    #######
 Discord                  Hex            #.........   100%        8    #######


Dungeon Overview and Level Annotations

Branches:
Dungeon (15/15)            Temple (1/1) D:4            Lair (6/6) D:10
 Shoals (3/4) Lair:3        Snake (0/4) Lair:3          Orc (2/2) D:12
    Elf (0/3) Orc:2        Vaults (0/5) D:14         Depths (0/5) D:15
  IceCv (visited)         Gauntlet (visited)
  Slime: Lair:5-6

Altars:
Ashenzari
Cheibriados
Dithmenos
Elyvilon
Fedhas
Gozag
Hepliaklqana
Kikubaaqudgha
Makhleb
Nemelex Xobeh
Okawaru
Qazlal
Ru
Sif Muna
Trog
Uskayaw
Vehumet
Wu Jian
Xom
Yredelemnul
Zin
The Shining One
Beogh

Shops:
D:4 [   D:5 :   D:7 *   D:10 ?   D:11 (   Orc:2 [:[[

Portals:
Bazaar: Shoals:3

Annotations:
D:9 2 transporters, grouchysmurf's ghost, novice TrAK
Shoals:2 1 runed translucent door, Inuluch's ghost, adept MfBe


Innate Abilities, Weirdness & Mutations

You have claws for feet.
You are surrounded by a strong repulsion field. (EV +4, RMsl)
A demonic guardian rushes to your aid.
Your flesh is heat resistant. (rF+)
You are immune to rotting.


Message History

Aim: a faun, wielding a +0 hunting sling and quivering 9 sling bullets (severely wounded) That beam is likely to hit you.
Continue anyway?
A storm cloud blasts the area with cutting wind!
The cutting wind hits the faun!!!
You kill the faun!
Qazlal accepts your kill.
The cutting wind hits the faun!!!
You kill the faun!
Qazlal accepts your kill.
The cutting wind hits the snapping turtle.
The snapping turtle is lightly wounded.
The cutting wind hits the merfolk siren!!
You break out of your daze!
You kill the merfolk siren!
Qazlal accepts your kill. The harpy claws you.
* * * LOW HITPOINT WARNING * * *
The harpy misses you.
The snapping turtle bites you from afar!
You die...

..≈≈....≈≈≈..........≈≈≈≈,,,,,≈≈≈
....)...≈≈≈..........≈≈≈≈≈,,≈≈≈≈≈
.....................≈≈≈≈≈≈≈≈≈≈≈≈
.)....................≈≈≈≈≈≈≈≈≈≈≈
(.†>...≈...........,..≈≈≈≈≈≈≈≈≈≈≈
...H.##......(##.##...≈≈≈≈≈≈≈≈≈≈≈
.....(#.!....§#t$)#○..≈≈≈≈≈≈≈≈≈≈≈
≈......†.....(§)§(°...≈≈≈≈≈≈≈≈≈≈≈
≈≈≈≈≈≈..cc.().#§@(#..≈≈≈≈≈≈≈≈≈≈≈≈
≈≈≈≈≈≈≈..>≈...##H##,≈≈≈≈≈≈≈≈≈≈≈≈≈
≈≈≈≈≈≈≈≈≈≈≈≈≈≈.○§..,≈≈≈≈≈≈≈≈≈≈≈≈≈
≈≈≈≈≈≈≈≈≈≈≈≈≈≈≈≈≈≈≈≈≈≈≈≈≈≈≈≈≈≈≈≈≈
≈≈≈≈≈≈≈≈≈(≈≈≈≈≈≈≈≈≈≈≈≈≈≈≈≈≈≈≈≈≈≈≈
≈≈≈≈≈≈≈≈≈≈≈≈≈≈≈≈≈≈≈≈≈≈≈≈≈≈≈≈≈≈≈≈≈
≈≈≈≈≈≈≈≈≈≈≈≈≈≈≈≈≈≈≈≈≈≈≈≈≈≈≈≈≈≈≈≈≈
≈≈≈≈≈≈≈≈≈≈≈≈≈≈≈≈≈≈≈≈≈≈≈≈≈≈≈≈≈≈≈≈≈
≈≈≈≈≈≈≈≈≈≈≈≈≈≈≈≈≈≈≈≈≈≈≈≈≈≈≈≈≈≈≈≈≈


You could see a snapping turtle and a harpy.

Vanquished Creatures
  Donald (Shoals:1)
  Nessos (D:14)
  A minotaur (Gauntlet)
  Snorg (Lair:3)
  A merfolk javelineer (Shoals:2)
  Josephine (Lair:4)
  A yaktaur captain (D:15)
  Fannar (Lair:2)
  3 centaur warriors
  Harold (D:7)
  2 catoblepae (Lair:6)
  6 hydras
  2 alligator snapping turtles (Shoals:1)
  4 two-headed ogres
  3 merfolk avatars (Shoals:2)
  A satyr (Shoals:2)
  9 death yaks (Lair:6)
  A deep troll shaman (Lair:6)
  Urug (Orc:2)
  3 large abominations (Gauntlet)
  A storm dragon zombie (D:14)
  6 sea snakes
  3 wizards (D:14)
  A deep troll (D:15)
  Pikel (D:5)
  A deep elf archer (D:14)
  11 harpies
  An orc knight (Orc:2)
  3 necromancers (D:14)
  An oklob plant (Shoals:1)
  4 cyclopes
  4 ugly things
  5 manticores
  A centaur zombie (D:15)
  17 fauns
  19 elephants
  A worldbinder (Gauntlet)
  A water nymph (Shoals:1)
  6 merfolk sirens
  3 black mambas
  2 ice statues (IceCv)
  A spiny frog (shapeshifter) (D:15)
  3 spiny frogs
  A rime drake (Lair:6)
  6 komodo dragons
  A yaktaur (D:15)
  2 trolls
  11 merfolk
  A harpy zombie (D:14)
  2 polar bears (Lair:6)
  2 hornets
  9 hippogriffs
  5 blink frogs (Lair:6)
  6 snapping turtles
  2 centaur simulacra (Gauntlet)
  A shadow (D:12)
  39 yaks
  A water elemental (Shoals:1)
  3 vampires
  8 wraiths
  19 humans (D:14)
  3 wyverns
  8 basilisks
  Grum (D:11)
  A redback simulacrum (D:14)
  3 hungry ghosts
  2 steam dragons
  2 vampire mosquitoes (D:13)
  2 acid dragons
  2 nagas (Lair:3)
  6 wargs
  Edmund (D:5)
  6 small abominations (Gauntlet)
  16 water moccasins
  2 soldier ants (D:8)
  9 porcupines
  39 orc warriors
  3 sky beasts
  3 slaves (D:5)
  A hornet zombie (D:13)
  14 ice beasts
  3 black bears
  3 phantoms
  2 eyes of draining
  A necrophage (D:9)
  8 ogres
  25 wolves
  3 boggarts (Gauntlet)
  11 crocodiles
  24 centaurs
  A big kobold (D:11)
  11 bullfrogs
  A wyvern zombie (D:14)
  A wyvern skeleton (D:9)
  3 scorpions
  A spiny frog simulacrum (Gauntlet)
  19 killer bees
  An electric eel (Orc:2)
  10 wights
  6 howler monkeys
  A quasit (D:8)
  5 crimson imps
  7 hounds
  3 jellies
  15 orc priests
  28 orc wizards
  3 bullfrog skeletons
  5 centaur skeletons
  Ijyb (D:4)
  7 iguanas
  16 worker ants
  2 bullfrog simulacra (Gauntlet)
  A hound zombie (D:10)
  16 adders
  2 shadow imps
  An adder skeleton (D:9)
  5 worms
  2 dart slugs
  9 leopard geckos
  96 orcs
  9 bats
  5 giant cockroaches
  10 goblins
  8 hobgoblins
  8 jackals
  8 kobolds
  2 quokkas
  2 ball pythons
  8 frilled lizards
  2 leopard gecko skeletons (D:4)
  3 rats
  4 plants (Shoals:1)
811 creatures vanquished.

Vanquished Creatures (collateral kills)
  A satyr (Shoals:2)
  2 sea snakes (Shoals:1)
  3 harpies (Shoals:3)
  A merfolk siren (Shoals:2)
  A spiny frog (Lair:4)
  A centaur skeleton (D:12)
  2 blink frogs (Lair:6)
  A hippogriff (Lair:1)
  A basilisk (Lair:3)
  An ice beast (Lair:6)
  An orc warrior (D:8)
  A centaur (D:7)
  An orc priest (D:10)
  An iguana (D:7)
  An adder (D:10)
  2 orcs (D:8)
  A fungus (Lair:3)
22 creatures vanquished.

Vanquished Creatures (others)
  A faun (Shoals:2)
  A slave (D:5)
  A black bear (D:10)
  A worker ant (D:5)
  An adder (D:10)
  An orc (Orc:2)
  3 demonic plants (Gauntlet)
  60 fungi
  32 plants
101 creatures vanquished.

Grand Total: 934 creatures vanquished

Notes
Turn   | Place    | Note
-------+----------+-------------------------------------------
     0 | D:1      | floatRand the Demonspawn Gladiator began the quest for the
                  | Orb.
     0 | D:1      | Reached XP level 1. HP: 16/16 MP: 1/1
    90 | D:1      | Gained mutation: You have sharp toenails. [demonic
                  | ancestry]
    90 | D:1      | Reached XP level 2. HP: 22/22 MP: 2/2
   327 | D:1      | Reached skill level 1 in Armour
   923 | D:2      | Gained mutation: You have razor-sharp toenails. [demonic
                  | ancestry]
   923 | D:2      | Reached XP level 3. HP: 21/27 MP: 3/3
  1406 | D:2      | Noticed an ogre
  1409 | D:2      | Gained mutation: You are surrounded by a mild repulsion
                  | field. (EV +2) [demonic ancestry]
  1409 | D:2      | Reached XP level 4. HP: 30/33 MP: 4/4
  1426 | D:2      | Killed an ogre
  1426 | D:2      | Reached XP level 5. HP: 30/38 MP: 5/5
  2056 | D:3      | Reached skill level 1 in Stealth
  2328 | D:3      | Reached XP level 6. HP: 42/44 MP: 6/6
  2812 | D:3      | Found a blossoming altar of Fedhas.
  3237 | D:4      | Found Qoipow's Armour Emporium.
  3339 | D:4      | Got a steaming buckler
  3340 | D:4      | Identified the +0 buckler of Mumpuz {rPois rC+ Str+4} (You
                  | found it on level 4 of the Dungeon)
  3360 | D:4      | Found a staircase to the Ecumenical Temple.
  3387 | Temple   | Entered the Ecumenical Temple
  3648 | D:4      | Reached XP level 7. HP: 43/50 MP: 7/7
  3664 | D:4      | Noticed Ijyb
  3681 | D:4      | Killed Ijyb
  3709 | D:4      | Reached skill level 1 in Maces & Flails
  3709 | D:4      | Reached skill level 5 in Dodging
  3973 | D:4      | Identified the cursed +1 robe of Inviolability {MP+9}
  3985 | D:4      | Reached skill level 1 in Shields
  4306 | D:5      | Entered Level 5 of the Dungeon
  4306 | D:5      | Noticed Pikel
  4358 | D:5      | Killed Pikel
  4358 | D:5      | Gained mutation: You are surrounded by a moderate repulsion
                  | field. (EV +3) [demonic ancestry]
  4358 | D:5      | Reached XP level 8. HP: 36/56 MP: 8/8
  4585 | D:5      | Noticed Edmund
  4599 | D:5      | Killed Edmund
  5123 | D:5      | Found Rusku's Book Shoppe.
  5146 | D:6      | Found a shimmering altar of Xom.
  5619 | D:6      | Found a faded altar of an unknown god.
  5619 | D:6      | Found a faded altar of an unknown god.
  5624 | D:6      | Found a glowing golden altar of the Shining One.
  5626 | D:6      | Found a stormy altar of Qazlal.
  5627 | D:6      | Found a sparkling altar of Nemelex Xobeh.
  5632 | D:6      | Became a worshipper of Qazlal Stormbringer
  5841 | D:7      | Found Fezad's Assorted Antiques.
  5847 | D:7      | Bought a scroll labeled FUOKIMOLUC for 26 gold pieces
  5847 | D:7      | Bought 2 viscous white potions for 46 gold pieces
  5847 | D:7      | Bought a green potion for 23 gold pieces
  5847 | D:7      | Bought a scroll labeled FUOKIMOLUC for 26 gold pieces
  5861 | D:7      | Reached skill level 1 in Invocations
  5861 | D:7      | Gained mutation: A weak demonic guardian rushes to your
                  | aid. [demonic ancestry]
  5861 | D:7      | Reached XP level 9. HP: 61/61 MP: 9/9
  5867 | D:7      | Reached skill level 5 in Maces & Flails
  6024 | D:7      | Noticed Harold
  6028 | D:7      | Reached skill level 2 in Invocations
  6043 | D:7      | Killed Harold
  6043 | D:7      | Reached skill level 3 in Invocations
  6053 | D:7      | Reached skill level 4 in Invocations
  6238 | D:7      | Found a sacrificial altar of Ru.
  6483 | D:8      | Found a hide-covered altar of Uskayaw.
  6513 | D:8      | Reached * piety under Qazlal
  6619 | D:8      | Found a bloodstained altar of Trog.
  6747 | D:8      | Reached skill level 5 in Invocations
  6916 | D:8      | Reached skill level 5 in Shields
  6963 | D:8      | Gained mutation: You are immune to rotting. [demonic
                  | ancestry]
  6963 | D:8      | Reached XP level 10. HP: 62/67 MP: 14/14
  7389 | D:9      | Noticed a two-headed ogre
  7393 | D:9      | Killed a two-headed ogre
  7393 | D:9      | Reached skill level 6 in Invocations
  7473 | D:9      | Found a transporter.
  7474 | D:9      | Noticed grouchysmurf's ghost (novice TrAK)
  7475 | D:9      | Noticed a two-headed ogre
  7479 | D:9      | Found a transporter.
  7480 | D:9      | Noticed a two-headed ogre
  7612 | D:9      | Got a warped leather armour
  7613 | D:9      | Identified the +2 leather armour "Ynliohoq" {Str+4} (You
                  | found it on level 9 of the Dungeon)
  7692 | D:9      | Reached ** piety under Qazlal
  7963 | D:9      | Noticed a two-headed ogre
  7981 | D:9      | Killed a two-headed ogre
  7981 | D:9      | Reached skill level 7 in Invocations
  8201 | D:10     | Entered Level 10 of the Dungeon
  8628 | D:10     | Found Soegoz's Magic Scroll Shoppe.
  8649 | D:10     | Bought a scroll of enchant weapon for 97 gold pieces
  8649 | D:10     | Bought a scroll of identify for 26 gold pieces
  8649 | D:10     | Bought a scroll of identify for 26 gold pieces
  8649 | D:10     | Bought a scroll of identify for 26 gold pieces
  8649 | D:10     | Bought a scroll of identify for 26 gold pieces
  8719 | D:10     | Found a staircase to the Lair.
  8790 | D:10     | Reached skill level 8 in Invocations
  8841 | D:10     | Reached *** piety under Qazlal
  8960 | D:10     | Gained mutation: You are surrounded by a strong repulsion
                  | field. (EV +4, RMsl) [demonic ancestry]
  8960 | D:10     | Reached XP level 11. HP: 54/72 MP: 17/17
  9358 | D:10     | Found a stormy altar of Qazlal.
  9842 | D:11     | Noticed Grum
  9849 | D:11     | Killed Grum
  9935 | D:11     | Noticed a four-headed hydra
  9945 | D:11     | Killed a four-headed hydra
  9945 | D:11     | Reached skill level 9 in Invocations
 10073 | D:11     | Found a sparkling altar of Nemelex Xobeh.
 10312 | D:11     | Reached **** piety under Qazlal
 10317 | D:11     | Got a transparent rapier
 10318 | D:11     | Identified a scroll of acquirement
 10321 | D:11     | Got a crystal demon trident
 10322 | D:11     | Identified the +2 demon trident "Xoyklebb" {freeze, rElec
                  | rF+ Int+3} (You acquired it on level 11 of the Dungeon)
 10428 | D:11     | Found Ryduqec's Antique Weapon Boutique.
 10760 | D:12     | Noticed a two-headed ogre
 10800 | D:12     | Noticed a five-headed hydra
 10807 | D:11     | Killed a two-headed ogre
 11053 | D:12     | Killed a five-headed hydra
 11053 | D:12     | Reached skill level 10 in Invocations
 11251 | D:12     | Noticed a two-headed ogre
 11261 | D:12     | Killed a two-headed ogre
 11266 | D:12     | Gained mutation: Your flesh is heat resistant. (rF+)
                  | [demonic ancestry]
 11266 | D:12     | Reached XP level 12. HP: 78/78 MP: 19/19
 11351 | D:12     | Found a staircase to the Orcish Mines.
 11574 | D:13     | Noticed an eight-headed hydra
 11579 | D:13     | Noticed a centaur warrior
 11580 | D:13     | Killed an eight-headed hydra
 11595 | D:13     | Killed a centaur warrior
 11605 | D:13     | Reached skill level 10 in Dodging
 11605 | D:13     | Reached skill level 11 in Invocations
 12017 | D:13     | Noticed a four-headed hydra
 12036 | D:13     | Killed a four-headed hydra
 12480 | Lair:1   | Entered Level 1 of the Lair of Beasts
 12502 | Lair:1   | You fall into a shaft and drop 1 floor!
 12591 | Lair:2   | Found a gate leading to a gauntlet.
 12600 | Gauntlet | Entered a Gauntlet
 12600 | Gauntlet | Found a transporter.
 12600 | Gauntlet | Found a transporter.
 12602 | Gauntlet | Found a transporter.
 12603 | Gauntlet | Found a transporter.
 12603 | Gauntlet | Noticed a death ooze
 12606 | Gauntlet | Found a transporter.
 12606 | Gauntlet | Found a transporter.
 12612 | Gauntlet | Found a transporter.
 12663 | Gauntlet | Found a transporter.
 12673 | Gauntlet | Found a transporter.
 12691 | Gauntlet | Noticed a great orb of eyes
 12692 | Gauntlet | Found a transporter.
 12709 | Gauntlet | Found a transporter.
 12709 | Gauntlet | Found a transporter.
 12978 | Gauntlet | Noticed a minotaur
 12991 | Gauntlet | Killed a minotaur
 12991 | Gauntlet | Reached skill level 12 in Invocations
 13000 | Gauntlet | Identified the Catalogue of Scorching Enchantment
 13016 | Lair:2   | You fall into a shaft and drop 1 floor!
 13064 | Lair:1   | Reached skill level 10 in Maces & Flails
 13242 | Lair:1   | Reached XP level 13. HP: 74/87 MP: 22/22
 14396 | Lair:2   | Noticed Fannar
 14403 | Lair:2   | Killed Fannar
 15035 | Lair:3   | Reached skill level 5 in Fighting
 15039 | Lair:3   | Found a staircase to the Shoals.
 15109 | Lair:3   | Found a staircase to the Snake Pit.
 15132 | Lair:3   | Noticed Snorg
 15325 | Lair:3   | Killed Snorg
 15325 | Lair:3   | Reached skill level 13 in Invocations
 16151 | Lair:4   | Noticed Josephine
 16168 | Lair:4   | Killed Josephine
 16945 | Lair:5   | You fall into a shaft and drop 1 floor!
 16945 | Lair:6   | Entered Level 6 of the Lair of Beasts
 16996 | Lair:6   | Gained mutation: You have claws for feet. [demonic
                  | ancestry]
 16996 | Lair:6   | Reached XP level 14. HP: 91/101 MP: 22/24
 17047 | Lair:6   | Reached skill level 14 in Invocations
 17191 | Lair:6   | Found a frozen archway.
 17207 | IceCv    | Entered an ice cave
 17209 | IceCv    | Found a transporter.
 17290 | IceCv    | Found a transporter.
 17359 | IceCv    | Identified the Handbook of Ghastly Contamination
 17758 | Lair:6   | HP: 5/104 [death yak (19)]
 19094 | D:14     | Reached skill level 15 in Invocations
 19105 | D:14     | Noticed Nessos
 19126 | D:14     | Killed Nessos
 19136 | D:14     | Paralysed by a wizard for 7 turns
 19365 | D:14     | Found a gate to the Vaults.
 19464 | D:14     | Reached XP level 15. HP: 102/112 MP: 26/26
 19785 | D:15     | Entered Level 15 of the Dungeon
 20055 | D:15     | Found a shimmering altar of Xom.
 20204 | D:15     | Found a staircase to the Depths.
 20705 | Orc:1    | Entered Level 1 of the Orcish Mines
 20734 | Orc:1    | Reached ***** piety under Qazlal
 21257 | Orc:1    | Found a roughly hewn altar of Beogh.
 21425 | Orc:2    | Entered Level 2 of the Orcish Mines
 21425 | Orc:2    | Found a staircase to the Elven Halls.
 21431 | Orc:2    | Noticed Urug
 21444 | Orc:2    | Killed Urug
 21777 | Orc:2    | Found Humnec's Book Shop.
 21777 | Orc:2    | Found Inuar's Armour Shoppe.
 21782 | Orc:2    | Found Yxoimyda's Antique Armour Emporium.
 21784 | Orc:2    | Found Kozah's Armour Boutique.
 21809 | Orc:2    | Bought the +6 scale mail of Poor Excuses {rPois rCorr
                  | Stlth+} for 589 gold pieces
 21817 | Orc:2    | Bought a +0 pair of gloves of dexterity for 115 gold pieces
 22644 | Shoals:1 | Entered Level 1 of the Shoals
 22649 | Shoals:1 | Identified the +0 shield of Ciuwn {*Slow MR++ Dex+2 Slay+4}
 22649 | Shoals:1 | Noticed Donald
 22669 | Shoals:1 | Killed Donald
 22764 | Shoals:1 | HP: 4/114 [drowned by a water nymph (8)]
 23339 | Shoals:1 | Identified the +5 long sword of Stickiness {flame, rElec
                  | rPois Str-2} (You found it on level 1 of the Shoals)
 23509 | Shoals:1 | Found a stormy altar of Qazlal.
 23605 | Shoals:1 | Reached skill level 16 in Invocations
 23909 | Shoals:2 | Reached skill level 10 in Fighting
 24560 | Shoals:2 | Found a runed translucent door.
 24560 | Shoals:2 | Found a shimmering altar of Xom.
 24560 | Shoals:2 | Noticed Inuluch's ghost (adept MfBe)
 24784 | Shoals:2 | Reached XP level 16. HP: 123/123 MP: 28/28
 24904 | Shoals:3 | Reached skill level 5 in Armour
 24909 | Shoals:3 | Reached skill level 17 in Invocations
 25133 | Shoals:3 | Gained mutation: A demonic guardian rushes to your aid.
                  | [demonic ancestry]
 25133 | Shoals:3 | Reached XP level 17. HP: 79/129 MP: 29/29
 25147 | Shoals:3 | Found a flickering gateway to a bazaar.
 25169 | Shoals:3 | Slain by a snapping turtle

Levels and vault maps discovered:
D:1:      minmay_arrival_three_doors, layout_loops_ring
D:2:      layout_basic, minmay_tromino_i4
D:3:      layout_basic, interstate_on_off, fedhas_altar_4
D:4:      layout_layer_cave, minmay_temple_entry_butterflies, serial_shops,
          kennysheep_little_box, grunt_ministairs_15, uniq_ijyb
D:5:      layout_loops_ring, serial_shops, kennysheep_mini, first_ration,
          uniq_edmund, uniq_pikel
D:6:      layout_loops_ring, xom_teletrap_fun,
          chequers_temple_overflow_minitemple, amethyst_killhole
D:7:      layout_rooms, serial_shops, shop, lemuel_statue_altar, uniq_harold
D:8:      layout_basic, lemuel_round_altar, hangedman_pestilent_swarm,
          david_defended_altar_elf
D:9:      layout_roguey, gammafunk_ghost_smash, zaba_anthole
D:10:     layout_irregular_city, due_lair_maze_entry_diamond, serial_shops,
          shop, grunt_qazlal_clouds
D:11:     layout_long_grid, serial_shops, nicolae_shop_crystal, basic_altar,
          uniq_grum
D:12:     layout_rooms, orc_0_dummy
D:13:     layout_loops_cross
D:14:     layout_irregular_city, grunt_vaults_entry_tiered,
          chequers_serial_rivers_micro_d, kennysheep_nondescript, uniq_nessos
D:15:     grunt_enter_depths_snipers, layout_loops_ring, serial_park_square3
          [serial_park_minivault_5x5_6], basic_altar
Temple:   minmay_crystal_spiral_temple
Lair:1:   layout_cave_pods, infiniplex_staircase_pool_2, grunt_megastairs_4,
          serial_bayou_shore_a
Lair:2:   layout_cave_pods, gauntlet_entry_generic,
          eino_small_chamber_without_monster, st_stairs_7, grunt_megastairs_2,
          uniq_fannar
Lair:3:   layout_regular_city, minmay_shoals_entry_centaurs,
          guppyfry_snake_entry_island, kennysheep_basilisk_garden, uniq_snorg
Lair:4:   layout_roguey, uniq_josephine
Lair:5:   layout_concentric_octagons, nicolae_slime_entry_slimehenge,
          nicolae_lair_grove_arrangements
Lair:6:   grunt_lair_end_beastmaster, layout_loops_ring,
          portal_ice_cave_entry_ice_beasts, nicolae_lair_yak_garden,
          serial_bayou_shore_b
Shoals:1: layout_shoals, lemuel_oklob_altar, uniq_donald
Shoals:2: layout_shoals, ebering_ghost_xom, nicolae_shoals_stone_sculpture_thing
Shoals:3: layout_shoals, serial_shops, bzr_entry_gold,
          nicolae_shoals_siren_and_animal_friends
Orc:1:    layout_caves, minmay_orc_temple_b
Orc:2:    st_orc_rangers, layout_caves, nooodl_orcs_dogs, uniq_urug

Skill      XL: |  1  2  3  4  5  6  7  8  9 10 11 12 13 14 15 16 |
---------------+-------------------------------------------------+-----
Axes           | 3 4 |  4.8
Dodging        | 3 4 5 6 7 8 9 10 11 12 13 | 13.2
Armour         | 1 2 4 5 |  5.4
Stealth        | 1 2 4 |  4.9
Maces & Flails | 3 4 6 7 8 10 11 12 13 | 13.2
Shields        | 2 3 5 6 8 9 |  9.0
Invocations    | 1 5 8 10 12 13 15 16 17 | 17.3
Fighting       | 3 6 8 10 | 10.7
Throwing       | |  1.7

Action                   |  1- 3 |  4- 6 |  7- 9 | 10-12 | 13-15 | 16-18 || total
-------------------------+-------+-------+-------+-------+-------+-------++-------
Melee: War axe           |    55 |       |       |       |       |       ||    55
       Kick              |    25 |    57 |    76 |   303 |   747 |    45 ||  1253
       Dagger            |    32 |   168 |    15 |       |       |       ||   215
       Flail             |       |    10 |    41 |       |       |       ||    51
       Whip              |       |       |   226 |   810 |  1499 |   113 ||  2648
Throw: Throwing net      |       |     1 |       |       |       |       ||     1
Invok: Upheaval          |       |       |       |    18 |    32 |     4 ||    54
       Disaster Area     |       |       |       |       |     1 |       ||     1
Evoke: Wand              |       |       |     9 |       |     1 |       ||    10
  Use: Scroll            |     4 |     2 |    13 |    16 |    17 |     1 ||    53
       Potion            |       |       |       |     2 |     3 |       ||     5
 Stab: Sleeping          |       |     4 |     6 |       |       |       ||    10
       Distracted        |       |     1 |     1 |     4 |    13 |     1 ||    20
       Petrified         |       |       |       |       |    21 |       ||    21
       Petrifying        |       |       |       |       |     2 |       ||     2
  Eat: Chunk             |     2 |     7 |    10 |    19 |    32 |       ||    70
       Ration            |       |       |       |     2 |     1 |     1 ||     4
Armor: Leather armour    |    37 |    28 |    64 |    68 |    82 |       ||   279
       Scale mail        |       |       |       |       |    43 |    53 ||    96
Dodge: Dodged            |    78 |   133 |   181 |   459 |   786 |   251 ||  1888
       Deflected         |       |       |     1 |     2 |    41 |     5 ||    49
Block: Buckler           |       |     4 |    85 |   312 |   676 |   168 ||  1245

Table legend:
 A = Non-vault XP
 B = Vault XP
 C = Vault XP percentage of total XP
 D = Non-vault monster count
 E = Vault monster count
 F = Vault count percentage of total count
                 A         B        C        D         E       F
            +---------+---------+-------+---------+---------+-------
      Total |  109126 |   51362 |  32.0 |     613 |     212 |  25.7
            +---------+---------+-------+---------+---------+-------
        D:1 |      38 |       0 |   0.0 |      20 |       0 |   0.0
        D:2 |     194 |       2 |   1.0 |      26 |       2 |   7.1
        D:3 |     276 |       0 |   0.0 |      38 |       0 |   0.0
        D:4 |     802 |      40 |   4.8 |      23 |       3 |  11.5
        D:5 |     487 |     675 |  58.1 |      15 |       2 |  11.8
        D:6 |     199 |       0 |   0.0 |       6 |       0 |   0.0
        D:7 |     869 |     923 |  51.5 |      19 |       1 |   5.0
        D:8 |    1037 |     568 |  35.4 |      23 |       4 |  14.8
        D:9 |    2351 |     202 |   7.9 |      13 |       6 |  31.6
       D:10 |    3605 |    1012 |  21.9 |      47 |       9 |  16.1
       D:11 |    4848 |     420 |   8.0 |      34 |       3 |   8.1
       D:12 |    3487 |       0 |   0.0 |      14 |       0 |   0.0
       D:13 |    7978 |       0 |   0.0 |      38 |       0 |   0.0
       D:14 |    5350 |    8965 |  62.6 |      27 |      26 |  49.1
       D:15 |    1715 |    3188 |  65.0 |       6 |       5 |  45.5
     Lair:1 |    3247 |     397 |  10.9 |      21 |       2 |   8.7
     Lair:2 |    4568 |    1723 |  27.4 |      14 |       7 |  33.3
     Lair:3 |    6175 |    2595 |  29.6 |      23 |      11 |  32.4
     Lair:4 |    5804 |    2136 |  26.9 |      24 |       6 |  20.0
     Lair:5 |    1336 |       0 |   0.0 |       8 |       0 |   0.0
     Lair:6 |   11582 |   12680 |  52.3 |      41 |      30 |  42.3
   Shoals:1 |   11923 |    2460 |  17.1 |      25 |       2 |   7.4
   Shoals:2 |   15838 |       0 |   0.0 |      29 |       0 |   0.0
   Shoals:3 |   12756 |       0 |   0.0 |      25 |       0 |   0.0
      Orc:1 |    1558 |     247 |  13.7 |      31 |      14 |  31.1
      Orc:2 |    1103 |    6061 |  84.6 |      23 |      50 |  68.5
      IceCv |       0 |    2791 | 100.0 |       0 |      10 | 100.0
   Gauntlet |       0 |    4277 | 100.0 |       0 |      19 | 100.0
            +---------+---------+-------+---------+---------+-------
